 Dungeon Crawl Stone Soup version 0.29-a0-676-ga64570c9d2 (webtiles) character file.

Game seed: 14631621479342594690

16 blackman the Sneak (level 2, -2/24 HPs)
             Began as a Human Delver on June 25, 2022.
             Slain by a gnoll shaman
             ... wielding a +0 club
              (4 damage)
             ... on level 6 of the Dungeon.
             The game lasted 00:01:29 (552 turns).

blackman the Sneak (Human Delver)                    Turns: 552, Time: 00:01:30

Health: -2/24      AC: 14    Str: 12    XL:     2   Next: 70%
Magic:  2/2        EV:  2    Int: 10    God:
Gold:   12         SH:  0    Dex: 14    Spells: 1/1 levels left

rFire   . . .      SeeInvis .   h - +0 halberd
rCold   . . .      Faith    .   (shield currently unavailable)
rNeg    . . .      Spirit   .   i - +0 plate armour
rPois   .          Reflect  .   (no helmet)
rElec   .          Harm     .   (no cloak)
rCorr   .          Rampage  .   (no gloves)
Will    .....                   (no boots)
Stlth   ..........              (no amulet)
HPRegen 0.08/turn               j - +4 ring of protection
MPRegen 0.08/turn               (no ring)

@: no status effects
A: no striking features
a: no special abilities


You were on level 6 of the Dungeon.
You visited 1 branch of the dungeon, and saw 2 of its levels.

You collected 12 gold pieces.

Inventory:

Hand Weapons
 a - a +0 hand axe
 h - a +0 halberd (weapon)
Armour
 b - a +0 leather armour
 i - a +0 plate armour (worn)
Jewellery
 j - a +4 ring of protection (left hand)
Wands
 g - a wand of digging (2)
Scrolls
 c - a scroll of fog
 d - 3 scrolls of identify {unknown}
 e - a scroll of fear
Potions
 f - a potion of haste
 k - a potion of lignification {unknown}


   Skills:
 - Level 3.0 Fighting
 - Level 2.2(2.6) Axes
 * Level 1.8(2.3) Polearms
 - Level 2.0 Dodging
 - Level 5.0 Stealth


You had one spell level left.
You didn't know any spells.
Your spell library was empty.

Dungeon Overview and Level Annotations

Branches:
Dungeon (6/15)
 Temple: D:4-7

Altars:
Ashenzari


Message History

Press: ? - help, Dir - move target, f - gnoll
Aim: a gnoll, wielding a +0 whip (fast, about 46% to evade your +0 halberd)
Okay, then.
You closely miss the gnoll.
The gnoll hits you but does no damage. x2
You hit the gnoll.
The gnoll is moderately wounded.
The gnoll hits you but does no damage. x2
You hit the gnoll.
The gnoll is severely wounded.
The gnoll hits you but does no damage. The gnoll hits you with a +0 whip.
The gnoll shaman calls upon its god to speed up the gnoll.
The gnoll seems to speed up.
The gnoll shouts!
You puncture the gnoll!
You kill the gnoll!
You closely miss the gnoll shaman.
The gnoll shaman hits you with a +0 club. x2
You hit the gnoll shaman.
The gnoll shaman is lightly wounded.
The gnoll shaman hits you but does no damage.
You hit the gnoll shaman but do no damage.
The gnoll shaman is lightly wounded.
The gnoll shaman hits you with a +0 club.
You slash the gnoll shaman!
The gnoll shaman is heavily wounded.
The gnoll shaman hits you but does no damage.
The gnoll shaman hits you with a +0 club.
You slash the gnoll shaman!
The gnoll shaman is almost dead.
The gnoll shaman hits you but does no damage.
You barely miss the gnoll shaman.
The gnoll shaman is almost dead.
The gnoll shaman hits you with a +0 club!
* * * LOW HITPOINT WARNING * * *
The gnoll shaman mumbles some strange prayers to its god against you.
You resist with significant effort.
You hit the gnoll shaman but do no damage.
The gnoll shaman is almost dead.
The gnoll shaman hits you with a +0 club.
You die...

# # # # #. #.### ...#
..# ##.##
.....#######...#########
#...@ggg..#..........
#########...#########
##.## #.# #.# #g# #.#
#g# #g#


You could see a gnoll shaman and 2 gnolls.

Vanquished Creatures
  A gnoll (D:6)
  A dart slug (D:5)
  An orc (D:6)
  A quokka (D:5)
4 creatures vanquished.

Notes
Turn   | Place    | Note
-------+----------+-------------------------------------------
     0 | D:5      | blackman the Human Delver began the quest for the Orb.
     0 | D:5      | Reached XP level 1. HP: 18/18 MP: 1/1
    43 | D:5      | Found a broken altar of Ashenzari.
   489 | D:6      | Reached skill level 1 in Polearms
   489 | D:6      | Reached XP level 2. HP: 24/24 MP: 2/2
   552 | D:6      | Slain by a gnoll shaman

Illustrated notes

Levels and vault maps discovered:
D:5:      layout_gridville, mainiacjoe_overflow_tiny_flanked
D:6:      layout_loops_ring, nzn_hepliaklqana_mist_gate,
          minmay_temple_entry_drinking_statues, minmay_misc_feat_chi,
          minmay_lizard_king

Skill      XL: |  1 |
---------------+----+-----
Polearms       | 1 |  1.8
Fighting       | |  3.0
Axes           | |  2.2
Dodging        | |  2.0
Stealth        | |  5.0

Action                   || total
-------------------------++-------
Melee: Hand axe          ||     4
       Halberd           ||    14
Evoke: Wand              ||     1
  Use: Scroll            ||     1
 Stab: Distracted        ||     1
Armor: Plate armour      ||     9
Dodge: Dodged            ||     2

Table legend: (Time is in decaauts)
 A = Elapsed time spent in this place.
 B = Non-inter-level travel time spent in this place.
 C = Inter-level travel time spent in this place.
 D = Time resting spent in this place.
 E = Time spent auto-exploring this place.
 F = Levels seen in this place.
 G = Mean time per level.
                   A        B        C        D        E       F      G
               +--------+--------+--------+--------+--------+-----+--------+
         Total |    556 |    556 |      0 |    355 |     70 |   2 |  278.0 |
       Dungeon |    556 |    556 |      0 |    355 |     70 |   2 |  278.0 |
               +--------+--------+--------+--------+--------+-----+--------+

Top non-repeatable levels by time:
     D:5: 456 daAuts
     D:6: 100 daAuts
